 Dungeon Crawl Stone Soup version 0.30.0-3-ga4e48a9924 (webtiles) character file.

Game seed: 12428061073329134491

6 Zdeegee the Chiller (level 1, 0/12 HPs)
             Began as a Gargoyle Ice Elementalist on May 7, 2023.
             Slain by a bat (1 damage)
             ... on level 1 of the Dungeon.
             The game lasted 00:01:42 (181 turns).

Zdeegee the Chiller (Gargoyle Ice Elementalist)      Turns: 181, Time: 00:01:43

Health: 0/12       AC:  4    Str: 11    XL:     1   Next: 90%
Magic:  0/3        EV: 11    Int: 15    God:
Gold:   0          SH:  0    Dex: 10    Spells: 3/4 levels left

rFire   . . .        d - +0 short sword
rCold   . . .        (no shield)
rNeg    + . .        a - +0 robe
rPois   ∞            (no helmet)
rElec   +            (no cloak)
rCorr   .            (no gloves)
SInv    .            (no boots)
Will    .....        (no amulet)
Stlth   ++           (no ring)
HPRegen 0.22/turn    (no ring)
MPRegen 0.08/turn

%: no passive effects
@: no status effects
A: sickness immunity, AC +2, negative energy resistance 1, electricity
resistance, torment resistance 1, petrification resistance
a: no special abilities


You were on level 1 of the Dungeon.
You visited 1 branch of the dungeon, and saw 1 of its levels.

Inventory:

Hand Weapons
 d - a +0 short sword (weapon)
Armour
 a - a +0 robe (worn)
Scrolls
 c - 2 scrolls of identify {unknown}
Potions
 b - a potion of magic


   Skills:
 * Level 1.0 Fighting
 + Level 1.5 Dodging
 + Level 2.1 Stealth
 * Level 2.0 Spellcasting
 * Level 0.4 Conjurations
 * Level 4.0 Ice Magic
 * Level 0.5 Earth Magic


You had 3 spell levels left.
You knew the following spells:

 Your Spells              Type           Power      Damage    Failure   Level
a - Freeze                Ice            52%        1d6       4%          1

Your spell library contained the following spells:

 Spells                   Type           Power      Damage    Failure   Level
 Frozen Ramparts          Ice            26%        1d4       13%         3
 Ozocubu's Armour         Ice            13%        N/A       13%         3
 Summon Ice Beast         Ice/Summ       7%         N/A       67%         4


Dungeon Overview and Level Annotations

Branches:
Dungeon (1/15)

Altars:


Innate Abilities, Weirdness & Mutations

You are immune to sickness and miasma.
Your stone body is resilient. (AC +2)
You are immune to poison.
You resist negative energy. (rN+)
You are resistant to electric shocks. (rElec)
You are resistant to unholy torment.
You are immune to petrification.


Message History

You barely miss the hobgoblin. The hobgoblin hits you.
You freeze the hobgoblin.
The hobgoblin is lightly wounded.
The hobgoblin misses you.
You freeze the hobgoblin.
You kill the hobgoblin!
You can't see any susceptible monsters within range! (Use Z to cast anyway.)
You can't see any susceptible monsters within range! (Use Z to cast anyway.)
A goblin comes into view. It is wielding a +0 club.
The endoplasm closely misses you.
You see here a hobgoblin corpse.
You freeze the endoplasm.
The endoplasm is severely wounded.
The endoplasm freezes you.
You are frozen.
You are out of magic!
You are out of magic!
You hit the endoplasm but do no damage.
The endoplasm is severely wounded.
The endoplasm closely misses you. The goblin hits you but does no damage.
You hit the endoplasm but do no damage.
The endoplasm is severely wounded.
The goblin hits you but does no damage. The endoplasm misses you.
You hit the endoplasm.
The endoplasm is almost dead.
The goblin hits you with a +0 club. The endoplasm freezes you.
You are frozen.
* * * LOW HITPOINT WARNING * * *
You hit the endoplasm.
You kill the endoplasm!
The bat closely misses you. The bat hits you but does no damage.
The goblin hits you with a +0 club.
* * * LOW HITPOINT WARNING * * *
Your Fighting skill increases to level 1!
The bat attacks as you move away! The bat misses you.
The bat hits you but does no damage. The bat closely misses you.
The bat hits you.
You die...

..<# ....... .8.# ........#
....... ..## ....#...#
....... ..# #...#...# .....
..# #...#...# ##... ###
#...#...# ##..# #####
#...#...# #.†####..
....####...+...###g........
...........##...@b.........
...........#....###.......#
..###.#####.....# #.......#
..###.###......)..+........
.................##........
..####....>......##........
..# #....###........######
..# +....# ......... ..#
#....##.........


You could see a goblin and a bat.

Vanquished Creatures
  2 endoplasms (D:1)
  A goblin (D:1)
  A hobgoblin (D:1)
  A kobold (D:1)
5 creatures vanquished.

Notes
Turn   | Place    | Note
-------+----------+-------------------------------------------
     0 | D:1      | Zdeegee the Gargoyle Ice Elementalist began the quest for
                  | the Orb.
     0 | D:1      | Reached XP level 1. HP: 10/10 MP: 3/3
   179 | D:1      | Reached skill level 1 in Fighting
   181 | D:1      | Slain by a bat

Illustrated notes

Levels and vault maps discovered:
D:1:      mrwooster_arrival_statue, layout_basic, basic_ecumenical_altar

Skill      XL: |  1 |
---------------+----+-----
Fighting       | 1 |  1.0
Dodging        | |  1.5
Stealth        | |  2.1
Spellcasting   | |  2.0
Conjurations   | |  0.4
Ice Magic      | |  4.0
Earth Magic    | |  0.5

Action                     || total
---------------------------++-------
  Melee: Short sword       ||     5
         Unarmed           ||     1
   Cast: Freeze            ||     8
 Armour: Robe              ||     5
  Dodge: Dodged            ||     8
